 Dungeon Crawl Stone Soup version 0.17.0-56-gd8de76c (webtiles) character file.

91 fredomojojo the Conjurer (level 4, -6/24 HPs)
             Began as a Deep Elf Conjurer on Dec 4, 2015.
             Killed by nerve-wracking pain
             ... invoked by Jessica
              (13 damage)
             ... on level 3 of the Dungeon.
             The game lasted 00:15:42 (1329 turns).

fredomojojo the Conjurer (Deep Elf Conjurer)        Turns: 1329, Time: 00:15:42

Health: -6/24      AC:  2    Str:  5    XL:     4   Next: 34%
Magic:  8/11       EV: 13    Int: 21    God:
Gold:   143        SH:  0    Dex: 15    Spells: 2 memorised, 7 levels left

rFire  . . .     SeeInvis .     s - +1 short sword (venom)
rCold  . . .     Clarity  .     v - +0 robe
rNeg   . . .     SustAt   .     (no shield)
rPois  .         Gourm    +     (no helmet)
rElec  .         Spirit   .     (no cloak)
rCorr  .         Warding  .     (no gloves)
rMut   .         Stasis   .     (no boots)
MR     .....                    n - amulet of the gourmand
Stlth  ++........               (no ring)
                                (no ring)

@: not resistant to hostile enchantments, unstealthy
A: no striking features
a: no special abilities


You were on level 3 of the Dungeon.
You were not hungry.

You visited 1 branch of the dungeon, and saw 3 of its levels.

You collected 143 gold pieces.

Inventory:

Hand Weapons
 d - a +0 dagger
 s - a +1 short sword of venom (weapon)
Missiles
 m - 42 stones (quivered)
Armour
 a - a +0 robe
 e - a +0 pair of gloves
 v - a +0 robe (worn)
Jewellery
 n - an amulet of the gourmand (around neck)
Scrolls
 h - a scroll of remove curse {unknown}
 o - 3 scrolls of identify {unknown}
 q - a scroll of amnesia {unknown}
Potions
 i - a potion of invisibility {unknown}
 j - a potion of flight {unknown}
 k - a potion of agility {unknown}
 t - a potion of degeneration {unknown}
Books
 b - a book of Conjurations

   Spells                             Type                      Level
   a - Magic Dart                     Conjuration                  1
   b - Searing Ray                    Conjuration                  2
   c - Dazzling Spray                 Conjuration/Hexes            3
   d - Fulminant Prism                Conjuration/Hexes            4
   e - Iskenderun's Mystic Blast      Conjuration                  4
   f - Iskenderun's Battlesphere      Conjuration/Charms           5
Comestibles
 c - 2 bread rations
 f - 2 meat rations
 g - a beef jerky
 l - 2 royal jellies
 p - a slice of pizza
 r - 4 fruits
 u - a chunk of flesh


   Skills:
 + Level 2.6 Dodging
 + Level 3.1 Stealth
 + Level 3.8 Spellcasting
 + Level 5.7 Conjurations


You had 7 spell levels left.
You knew the following spells:

 Your Spells              Type           Power        Failure   Level  Hunger
a - Magic Dart            Conj           ####         1%          1    None
b - Searing Ray           Conj           ####..       1%          2    #......


Dungeon Overview and Level Annotations

Branches:
Dungeon (3/15)

Altars:
Elyvilon

Annotations:
D:3 Jessica


Message History

Confirm with . or Enter, or press ? or * to list all spells.
You don't know that spell.
Casting: Searing Ray
Confirm with . or Enter, or press ? or * to list all spells.
Aiming: Magic Dart
Press: ? - help, Shift-Dir - straight line, f - Jessica
Aim: Jessica, wearing a robe (severely wounded)
The magic dart hits Jessica.
Jessica is severely wounded.
Casting: Magic Dart
Confirm with . or Enter, or press ? or * to list all spells.
Aiming: Magic Dart
Press: ? - help, Shift-Dir - straight line, f/p - Jessica
Aim: Jessica, wearing a robe (severely wounded)
The magic dart hits Jessica.
Jessica is almost dead.
Jessica points at you and mumbles some strange words.
Pain shoots through your body!
Ouch! That really hurt!
You die...

######.#.
#@†......
#.=.......#.#.
#?........#
#..†......#
...@.#####...
..... ....
..#. .... ....
####


You could see Jessica.

Vanquished Creatures
  Ijyb (D:3)
  3 adders (D:2)
  An ooze (D:1)
  2 giant cockroaches
  3 goblins
  7 hobgoblins
  5 bats
  A giant newt (D:1)
  4 kobolds
  A quokka (D:2)
  7 rats
35 creatures vanquished.

Notes
Turn   | Place    | Note
--------------------------------------------------------------
     0 | D:1      | fredomojojo the Deep Elf Conjurer began the quest for the Orb.
     0 | D:1      | Reached XP level 1. HP: 10/10 MP: 6/6
   263 | D:1      | Reached XP level 2. HP: 15/15 MP: 8/8
   356 | D:1      | Reached skill level 5 in Conjurations
   563 | D:2      | Reached XP level 3. HP: 19/19 MP: 5/9
  1037 | D:2      | Found a white marble altar of Elyvilon.
  1066 | D:2      | Learned a level 2 spell: Searing Ray
  1213 | D:3      | Noticed Ijyb
  1219 | D:3      | Killed Ijyb
  1219 | D:3      | Reached XP level 4. HP: 24/24 MP: 3/11
  1228 | D:3      | Noticed Jessica
  1329 | D:3      | Killed from afar by Jessica

Action                   |  1- 3 |  4- 6 || total
-------------------------+-------+-------++-------
Melee: Dagger            |     6 |       ||     6
       Short sword       |     5 |    11 ||    16
 Cast: Magic Dart        |    46 |     3 ||    49
       Searing Ray       |       |     2 ||     2
 Stab: Sleeping          |     1 |       ||     1
  Eat: Chunk             |     1 |     2 ||     3
